 Dungeon Crawl Stone Soup version 0.31.0 (webtiles) character file.

Game seed: 2857835997930282255

10 ces the Shooter (level 2, -4/18 HPs)
             Began as a Gargoyle Hunter on Jan 20, 2024.
             Slain by a gnoll
             ... wielding a +0 flail
              (7 damage)
             ... on level 1 of the Dungeon.
             The game lasted 00:00:45 (266 turns).

ces the Shooter (Gargoyle Hunter)                    Turns: 266, Time: 00:00:46

Health: -4/18      AC:  5    Str: 14    XL:     2   Next: 20%
Magic:  2/2        EV: 11    Int:  9    God:
Gold:   33         SH:  0    Dex: 13    Spells: 1/1 levels left

rFire   . . .        a - +0 shortbow
rCold   . . .        (shield currently unavailable)
rNeg    + . .        c - +0 leather armour
rPois   ∞            (no helmet)
rElec   +            (no cloak)
rCorr   .            (no gloves)
SInv    .            (no boots)
Will    .....        (no amulet)
Stlth   ++           (no ring)
HPRegen 0.23/turn    (no ring)
MPRegen 0.08/turn

%: no passive effects
@: no status effects
A: sickness immunity, AC +2, negative energy resistance 1, electricity
resistance, torment resistance 1, petrification resistance
a: no special abilities


You were on level 1 of the Dungeon.
You visited 1 branch of the dungeon, and saw 1 of its levels.

You collected 33 gold pieces.

Inventory:

Hand Weapons
 a - a +0 shortbow (weapon)
Armour
 c - a +0 leather armour (worn)
Scrolls
 b - a scroll of butterflies
 d - a scroll of noise {unknown}
Potions
 e - a potion of degeneration {unknown}


   Skills:
 + Level 2.4 Fighting
 * Level 4.2 Ranged Weapons
 + Level 1.7 Dodging
 + Level 1.4 Stealth


You had one spell level left.
You didn't know any spells.
Your spell library was empty.

Dungeon Overview and Level Annotations

Branches:
Dungeon (1/15)

Altars:


Innate Abilities, Weirdness & Mutations

You are immune to sickness and miasma.
Your stone body is resilient. (AC +2)
You are immune to poison.
You resist negative energy. (rN+)
You are resistant to electric shocks. (rElec)
You are resistant to unholy torment.
You are immune to petrification.


Message History

The arrow hits the goblin but does no damage.
You shoot an arrow. The arrow hits the goblin.
The goblin is severely wounded.
You shoot an arrow. The arrow barely misses the goblin.
You shoot an arrow. The arrow hits the goblin!
You kill the goblin!
No target in view!
No target in view!
You see here a +0 club.
A gnoll comes into view. It is wielding a +0 flail.
Found a knobbly silver ring and a scroll labelled VACRUL UFERPH.
A gnoll is nearby!
A gnoll is nearby!
A gnoll is nearby!
You shoot an arrow.
The arrow hits the gnoll but does no damage.
The gnoll shouts!
You hear a shout!
A goblin comes into view. It is wielding a +0 club.
You shoot an arrow.
The arrow hits the gnoll but does no damage.
You shoot an arrow. The arrow completely misses the gnoll.
You shoot an arrow. The arrow barely misses the gnoll.
You shoot an arrow. The arrow barely misses the gnoll.
The arrow closely misses the goblin.
The gnoll hits you with a +0 flail.
You shoot an arrow. The arrow barely misses the gnoll.
The arrow barely misses the goblin.
The gnoll hits you with a +0 flail.
You are too injured to fight recklessly!
You are too injured to fight recklessly!
You are too injured to fight recklessly!
The gnoll attacks as it pursues you! The gnoll completely misses you.
You shoot an arrow. The arrow closely misses the gnoll.
The gnoll hits you with a +0 flail. The gnoll attacks as it pursues you!
The gnoll barely misses you.
You are too injured to fight recklessly!
The gnoll hits you with a +0 flail!
* * * LOW HITPOINT WARNING * * *
The gnoll attacks as it pursues you! The gnoll misses you.
The gnoll attacks as it pursues you! The gnoll barely misses you.
The gnoll attacks as it pursues you! The gnoll hits you with a +0 flail!
You die...

.......†.........##
...........#....####
.....>..............
.....####......##.. ....
..............###. .. ....
#..#.........#### ... ..#
#.............### .. ..#
##...#............ #. #.#
##@.............##.
####.##.###g.#.##..........#.
#.......##..##..#............
#.#...g####.#............
#...#######.##.###.......
#..##...........##.......
#.###..#######.#######...
...#####.# ..####...####.....
#.....).# ....#..~..#.....#.


You could see a gnoll and a goblin.

Vanquished Creatures
  An endoplasm (D:1)
  A giant cockroach (D:1)
  2 goblins (D:1)
  A hobgoblin (D:1)
  A kobold (D:1)
  A ball python (D:1)
  A bat (D:1)
  A frilled lizard (D:1)
  A rat (D:1)
10 creatures vanquished.

Notes
Turn   | Place    | Note
-------+----------+-------------------------------------------
     0 | D:1      | ces the Gargoyle Hunter began the quest for the Orb.
     0 | D:1      | Reached XP level 1. HP: 12/12 MP: 1/1
   166 | D:1      | Reached XP level 2. HP: 18/18 MP: 2/2
   266 | D:1      | Slain by a gnoll

Illustrated notes

Levels and vault maps discovered:
D:1:      eino_arrival_water_star, layout_rooms, minmay_misc_feat_room,
          amethyst_killhole, minmay_tree_intersection

Action                     || total
---------------------------++-------
   Fire: Shortbow          ||    30
 Armour: Leather armour    ||     7
  Dodge: Dodged            ||    10
